Cogmind - Beta 16 @@@ ROGUE MODE // 2026.01.19 @ 16:56:28 // Winter2019/RPGLIKE Player: Gallgagger Result: Destroyed by G-47 Trooper with Particle Gun Performance ------------- Evolutions (0) 0 Regions Visited (4) 800 Robots Destroyed (41) 205 Value Destroyed (1175) 1175 Prototype IDs (1) 20 Alien Tech Used (0) 0 Bonus (10) 10 TOTAL SCORE: 2210 Bonus ------- High Alert Combat Kills 64 Friendly Fire -54 Cogmind --------- Core Integrity 0/600 Matter 300/300 Energy 100/100 System Corruption 0% Temperature Cool (9) Movement Flying (120) Ox1 Location -9/Mines Parts ------- > --- POWER (1) -------- (None) > --- PROPULSION (3) --- Flight Unit > --- UTILITY (4) ------ Improved Terrain Scanner Seismic Detector > --- WEAPON (3) ------- Heavy Assault Rifle Heavy Assault Rifle Heavy Assault Rifle > --- INVENTORY (1) ---- Datajack Peak State ------------ > --- POWER ------------ Light Nuclear Core > --- PROPULSION ------- Flight Unit Flight Unit Flight Unit > --- UTILITY ---------- Improved Terrain Scanner Seismic Detector Light Armor Plating > --- WEAPON ----------- Heavy Assault Rifle Heavy Assault Rifle Heavy Assault Rifle > --- INVENTORY -------- Datajack [Rating: 17] Favorites ----------- Power Ion Engine Engine Ion Engine Power Core Light Nuclear Core Propulsion Flight Unit Wheel Wheel Flight Unit Flight Unit Utility Improved Terrain Scanner Device Improved Terrain Scanner Protection Light Armor Plating Weapon Heavy Assault Rifle Energy Gun Medium Laser Ballistic Gun Heavy Assault Rifle Special Melee Weapon Datajack Build | -11 -10 -10 -10 -9 ------- Run | Yrd Mat Min Exi Min Slots Evolved 7 | 3 3 1 . . Power . | . . . . . Propulsion 2 | 1 1 . . . Utility 3 | 1 1 1 . . Weapon 2 | 1 1 . . . Parts Attached 19 | 7 11 1 . . Power 3 | 1 1 1 . . Engine 2 | 1 1 . . . Core 1 | . . 1 . . Reactor . | . . . . . Propulsion 5 | 2 3 . . . Treads . | . . . . . Leg . | . . . . . Wheel 2 | 2 . . . . Hover . | . . . . . Flight 3 | . 3 . . . Utility 4 | 2 2 . . . Device 2 | 2 . . . . Storage . | . . . . . Processor . | . . . . . Hackware . | . . . . . Protection 2 | . 2 . . . Artifact . | . . . . . Weapon 7 | 2 5 . . . Energy Gun 3 | 2 1 . . . Energy Cannon . | . . . . . Ballistic Gun 3 | . 3 . . . Ballistic Cannon . | . . . . . Launcher . | . . . . . Special Weapon . | . . . . . Impact Weapon . | . . . . . Slashing Weapon . | . . . . . Piercing Weapon . | . . . . . Special Melee Weapon 1 | . 1 . . . Unidentified Prototypes 1 | . 1 . . . Parts Lost 4 | . 1 3 . . Power 2 | . 1 1 . . Propulsion 2 | . . 2 . . Utility . | . . . . . Weapon . | . . . . . Highest Loss Streak 3 | . 1 3 . . To Critical Strikes 2 | . . 2 . . Average Backups . | . . 1 1 1 Power . | . . . . . Propulsion . | . . . . . Utility . | . . . . . Weapon . | . . . . . Tool/Special . | . . . . . Unused Backups . | . . . . . Power . | . . . . . Propulsion . | . . . . . Utility . | . . . . . Weapon . | . . . . . Tool/Special . | . . . . . Average Slot Usage (%) 83 | . 95 78 54 54 Engine 7 | . 11 4 . . Wheel 1 | . 2 . . . Flight 21 | . 25 20 9 9 Device 22 | . 25 18 18 18 Protection 1 | . . 6 . . Energy Gun 11 | . 20 . . . Ballistic Gun 14 | . 6 25 26 27 Special Melee Weapon 1 | . . 2 1 . Peak Build Rating 17 | 9 15 17 11 11 Average Rating 10 | 6 10 12 10 11 On Entrance 9 | . 9 15 10 11 Avg Prop Armor Cover (%) 3 | . 10 . 3 . Naked Turns . | . . . . . Heaviest Build 17 | 11 17 17 11 11 Greatest Support 25 | 25 25 17 9 9 Greatest Overweight (x) 1 | . 1 1 1 1 Average Overweight (x) . | . . . . 1 Largest Inventory Capacity 1 | 1 1 1 1 1 Average Capacity . | . 1 1 1 1 Most Carried 1 | . 1 1 1 1 Average Carried . | . . 1 1 1 Final Capacity 1 | 1 1 1 1 1 Final Carried 1 | . 1 1 1 1 Class Distribution -------------------- 38% | Scavenger-Mutant 25% | Scavenger-Gunner 18% | Mutant 17% | Gunner Dominant Class ---------------- Scavenger-Mutant | -10/Materials Scavenger-Gunner | -10/Mines Gunner | -10/Exiles Gunner | -9/Mines Resources | -11 -10 -10 -10 -9 ----------- Run | Yrd Mat Min Exi Min Matter Collected 994 | 270 283 341 100 . Remotely . | . . . . . Salvage Created 1397 | 113 824 365 95 . Parts 74 | 15 44 15 . . Haulers Intercepted . | . . . . . Recyclers Shooed . | . . . . . Parts Field Recycled . | . . . . . Retrieved Matter . | . . . . . Parts Self-Destructed . | . . . . . Prevented . | . . . . . Parts Restored . | . . . . . Kills | -11 -10 -10 -10 -9 ------- Run | Yrd Mat Min Exi Min Combat Hostiles Destroyed 39 | . 25 7 7 . Guns 39 | . 25 7 7 . Classes Destroyed 7 | 2 4 . 1 . Worker 2 | 1 1 . . . Tunneler 4 | 4 . . . . Recycler 1 | . 1 . . . Watcher 2 | . 2 . . . Swarmer 5 | . 5 . . . Grunt 26 | . 20 6 . . Assembled 7 | . . . 7 . Best Kill Streak 6 | 2 5 2 6 . Combat Bots Only 6 | . 5 2 6 . Max Kills in Single Turn 2 | 1 1 1 2 . Gunslinging 1 | . . . 1 . Exploded . | . . . . . Melee . | . . . . . Uniques/NPCs Destroyed 1 | . . 1 . . 8R-AWN (-10/Mines) Combat | -11 -10 -10 -10 -9 -------- Run | Yrd Mat Min Exi Min Hostile Shots Fired 184 | . 96 47 32 9 Missed 53 | . 31 12 7 3 Hits 131 | . 65 35 25 6 Melee 1 | . . . 1 . Projectile 130 | . 65 35 24 6 Critical Strikes 21 | . 1 18 2 . Part Disruptions 4 | . . . 4 . Damage Taken 2142 | . 874 606 578 84 Core 1670 | . 699 439 459 73 Absorbed by Shields . | . . . . . Redirected to Core 1358 | . 526 375 423 34 Regen/Repaired (Parts) 11 | . 11 . . . Core Remaining (%) 100 | 100 . . . . Volleys Fired 127 | 10 71 34 12 . Largest 3 | 2 3 3 3 . Hottest 100 | 100 100 69 69 . Shots Fired 299 | 20 147 102 30 . Gun 299 | 20 147 102 30 . Cannon . | . . . . . Launcher . | . . . . . Special . | . . . . . Kinetic 153 | . 21 102 30 . Thermal 144 | 20 124 . . . Explosive . | . . . . . Electromagnetic 2 | . 2 . . . Robot Hit Streak 37 | 11 17 37 27 . Robot Miss Streak 5 | 1 5 1 1 . Penetration Max . | . . . . . Secondary Targets 4 | . 2 . 2 . Max Gunslinging Chain 1 | . 1 . 1 . Shots Hit Robots 235 | 15 106 89 25 . Core Hits 88 | 5 50 19 14 . Critical Kills 1 | . . 1 . . Critical Parts Destroyed . | . . . . . Critical Strikes 10 | . 9 1 . . Burn 9 | . 9 . . . Destroy 1 | . . 1 . . Melee Attacks . | . . . . . Impact . | . . . . . Slashing . | . . . . . Piercing . | . . . . . Sneak Attacks . | . . . . . Combat Hostiles . | . . . . . Follow-up Attacks . | . . . . . Damage Inflicted 3264 | 185 1354 1336 389 . Guns 3264 | 185 1354 1336 389 . Cannons . | . . . . . Explosions . | . . . . . Melee . | . . . . . Ramming . | . . . . . Kinetic 1912 | . 187 1336 389 . Thermal 1318 | 185 1133 . . . Explosive . | . . . . . Electromagnetic 34 | . 34 . . . Impact . | . . . . . Slashing . | . . . . . Piercing . | . . . . . Highest Corruption . | . . . . . Average Corruption . | . . . . . Corruption Purged . | . . . . . Corruption Blocked . | . . . . . Overload Shots . | . . . . . Overflow Damage . | . . . . . Projectiles . | . . . . . Explosions . | . . . . . Melee . | . . . . . Knockbacks . | . . . . . Impact . | . . . . . Kinetic . | . . . . . Secondary . | . . . . . Self-Inflicted Damage . | . . . . . Shots . | . . . . . Rammed . | . . . . . Targets Rammed . | . . . . . Kicked . | . . . . . Crushed . | . . . . . Highest Temperature 34 | 28 32 3 34 . Average Temperature 7 | 23 5 3 21 . Received Heat Transfer 599 | . 327 27 200 45 Siege Activations . | . . . . . Martial Activations . | . . . . . Shielding Activations . | . . . . . Robots Disrupted . | . . . . . Combat Hostiles . | . . . . . Robots Corrupted . | . . . . . Combat Hostiles . | . . . . . Parts Fried . | . . . . . Impact Corruptions . | . . . . . Robots Melted . | . . . . . Combat Hostiles . | . . . . . Parts Melted 16 | . 16 . . . Heat Transferred 4588 | 555 4033 . . . Parts Sabotaged . | . . . . . Parts Stolen . | . . . . . Parts Stripped . | . . . . . Power Chain Reactions . | . . . . . Alert | -11 -10 -10 -10 -9 ------- Run | Yrd Mat Min Exi Min Maximum Alert Level 2 | . 2 1 . . Low Security (%) 34 | 100 18 47 . 100 Level 1 36 | . 35 52 . . Level 2 28 | . 45 . . . Level 3 . | . . . . . Level 4 . | . . . . . Level 5 . | . . . . . High Security . | . . . . . Max Security . | . . . . . Peak Influence 529 | 10 529 275 . . Initial 199 | . 3 199 . . Average 269 | 2 334 209 . . Influence Increases 1103 | 25 892 186 . . Destroy 0b10 Robot/C 620 | . 500 120 . . Destroy 0b10 Robot/NC 45 | 25 20 . . . Destroy Leader 154 | . 124 30 . . Allied During Kill 6 | . . 6 . . Successful Hack 10 | . 10 . . . Select Force Hacks 160 | . 160 . . . Destroy Structure 3 | . 3 . . . Lose Combat Pursuer 105 | . 75 30 . . Influence Decreases 1103 | 20 386 552 145 . Entered New Map 459 | . 2 312 145 . Time Decay 584 | 20 374 190 . . Lost Part 40 | . 10 30 . . Lost Ally 20 | . . 20 . . Squads Dispatched 9 | . 9 . . . Investigation 7 | . 7 . . . Extermination . | . . . . . Reinforcement 2 | . 2 . . . Assault . | . . . . . Garrison . | . . . . . Intercept . | . . . . . Searches Triggered . | . . . . . Construction Impeded . | . . . . . Haulers Reinforced . | . . . . . Active Scanning Responses . | . . . . . Cargo Convoy Interrupts . | . . . . . Stealth | -11 -10 -10 -10 -9 --------- Run | Yrd Mat Min Exi Min Distress Signals . | . . . . . Communications Jammed . | . . . . . Distress Signals . | . . . . . Times Spotted 57 | . 36 11 7 3 Peak Tracking Total 8 | . 4 3 8 3 Tactical Retreats 4 | . 2 1 1 . Traps | -11 -10 -10 -10 -9 ------- Run | Yrd Mat Min Exi Min Traps Triggered 7 | . 7 . . . Indirectly . | . . . . . Trap Hack Attempts . | . . . . . Triggered . | . . . . . Disarmed . | . . . . . Reprogrammed . | . . . . . Reused . | . . . . . Traps Extracted . | . . . . . Installed . | . . . . . Triggered . | . . . . . Machines | -11 -10 -10 -10 -9 ---------- Run | Yrd Mat Min Exi Min Machines Disabled 1 | . . . 1 . Max in Single Turn 1 | . . . 1 . Machines Repaired . | . . . . . Machines Dismantled . | . . . . . Machines Sabotaged 2 | . 2 . . . Overloaded Fab Kills . | . . . . . Hacking | -11 -10 -10 -10 -9 --------- Run | Yrd Mat Min Exi Min Machines Accessed 8 | . 8 . . . Terminals 5 | . 5 . . . Fabricators . | . . . . . Repair Stations 1 | . 1 . . . Recycling Units 2 | . 2 . . . Scanalyzers . | . . . . . Garrison Access . | . . . . . Total Hacks 14 | . 14 . . . Successful 9 | . 9 . . . Failed 5 | . 5 . . . Catastrophic . | . . . . . Database Lockouts . | . . . . . Manual 15 | . 15 . . . Terminals 9 | . 9 . . . Fabricators . | . . . . . Repair Stations 1 | . 1 . . . Recycling Units 4 | . 4 . . . Scanalyzers . | . . . . . Garrison Access . | . . . . . Terminal Hacks . | . . . . . Fabricator Hacks . | . . . . . Repair Station Hacks . | . . . . . Recycling Unit Hacks 1 | . 1 . . . Retrieve Components 1 | . 1 . . . Scanalyzer . | . . . . . Garrison Access Hacks . | . . . . . Unauthorized Hacks 8 | . 8 . . . Terminals 5 | . 5 . . . Assimilate 1 | . 1 . . . Botnet 1 | . 1 . . . Sabotage 3 | . 3 . . . Fabricators . | . . . . . Repair Stations 1 | . 1 . . . Patch 1 | . 1 . . . Recycling Units 2 | . 2 . . . Tunnel 2 | . 2 . . . Scanalyzers . | . . . . . Garrison Access . | . . . . . Data Cores Recovered . | . . . . . Used . | . . . . . Hacking Detections 3 | . 3 . . . Full Trace Events 2 | . 2 . . . Feedback Events . | . . . . . Feedback Blocked . | . . . . . Robot Schematics Acquired . | . . . . . Robots Built . | . . . . . Authchips . | . . . . . Time . | . . . . . Total Robot Build Rating . | . . . . . Part Schematics Acquired . | . . . . . Parts Built . | . . . . . Authchips . | . . . . . Time . | . . . . . Total Part Build Rating . | . . . . . Part Studies Acquired . | . . . . . Parts Repaired . | . . . . . Time . | . . . . . Parts Recycled . | . . . . . Recycled Matter . | . . . . . Retrieved Matter . | . . . . . Retrieved Components 6 | . 6 . . . Parts Scanalyzed . | . . . . . Part Schematics Acquired . | . . . . . Parts Damaged . | . . . . . Bothacking | -11 -10 -10 -10 -9 ------------ Run | Yrd Mat Min Exi Min Used RIF Installer . | . . . . . Robots Hacked . | . . . . . Non-combat . | . . . . . Combat . | . . . . . Robot Hacks Applied . | . . . . . Relay Couplers Released . | . . . . . Fabnet Peak Effective % . | . . . . . Robots Rewired . | . . . . . Allies Hacked . | . . . . . Hacks Repelled . | . . . . . Allies | -11 -10 -10 -10 -9 -------- Run | Yrd Mat Min Exi Min Total Allies 1 | . . 1 . . Largest Group 1 | . . 1 . . Highest-Rated Group 31 | . . 31 . . Highest-Rated Ally 31 | . . 31 . . Total Orders . | . . . . . Ally Attacks . | . . . . . Total Damage . | . . . . . Kills . | . . . . . Allies Corrupted . | . . . . . Allies Melted . | . . . . . Intel | -11 -10 -10 -10 -9 ------- Run | Yrd Mat Min Exi Min Active Infowar (turns) 1663 | 70 910 396 263 24 Terrain 1406 | 70 909 396 31 . Seismic 1612 | 19 910 396 263 24 Robot Analysis Total . | . . . . . Derelict Logs Recovered 1 | . . 1 . . Drone Launches . | . . . . . Drone Recoveries . | . . . . . Exploration | -11 -10 -10 -10 -9 ------------- Run | Yrd Mat Min Exi Min Turns Passed 1702 | 109 910 396 263 24 Spaces Moved 1863 | 78 964 561 240 20 Core 224 | 2 18 . 202 2 Treads . | . . . . . Legs . | . . . . . Wheels 132 | 76 56 . . . Hover . | . . . . . Flight 1507 | . 890 561 38 18 Fastest Speed 34 | 50 34 34 40 100 Average Speed 48 | 79 39 38 90 118 Slowest Speed 125 | 80 125 120 100 120 Overloaded Moves . | . . . . . Propulsion Burnouts . | . . . . . Robots Hopped 18 | . 13 5 . . Potential Cave-ins . | . . . . . Cave-ins Triggered . | . . . . . Exploration Rate (%) 47 | 3 91 91 46 6 Regions Visited 4 Branch Regions 3 Pre-discovered Areas 3 | . 2 1 . . Known Exits Taken . | . . . . . Unknown Exits Taken 4 | 1 1 1 1 . Scrap Searched 1 | . . 1 . . Spaces Dug . | . . . . . Terrain Destroyed . | . . . . . Melee . | . . . . . Projectile . | . . . . . AOE . | . . . . . Terrain Rammed . | . . . . . Walls Destroyed . | . . . . . Machines Disabled . | . . . . . Actions | -11 -10 -10 -10 -9 --------- Run | Yrd Mat Min Exi Min Total 2366 | 101 1329 657 259 20 Wait 288 | 7 243 37 1 . Move 1824 | 77 938 550 239 20 Hop 17 | . 12 5 . . Pick Up 1 | . 1 . . . Fast Attach 20 | 7 13 . . . Attach . | . . . . . Detach . | . . . . . Swap 15 | . 11 3 1 . Drop 3 | . 1 2 . . Fire 127 | 10 71 34 12 . Melee . | . . . . . Ram . | . . . . . Kick . | . . . . . Crush . | . . . . . Escape Stasis . | . . . . . Rewire . | . . . . . Trap . | . . . . . Miscellaneous 71 | . 39 26 6 . Route ------- -11/Scrapyard -10/Materials (discovered 4 exits: [*Mat x3] / [*Min]) -10/Mines (discovered 3 exits: [*Mat x2] / [*Exi]) -10/Exiles -9/Mines History --------- Turn | Location | Event 9 | -11/Scrapyard | Upgraded with Propulsion slot (x1) 9 | -11/Scrapyard | Upgraded with Utility slot (x1) 9 | -11/Scrapyard | Upgraded with Weapon slot (x1) 9 | -11/Scrapyard | Discovered new exit (range 15) 110 | -11/Scrapyard | Entered Materials 220 | -10/Materials | Discovered new exit (range 6) 292 | -10/Materials | Reached level 2 318 | -10/Materials | Discovered new exit (range 16) 334 | -10/Materials | Discovered new exit (range 10) 513 | -10/Materials | Build established: Scavenger-Mutant 594 | -10/Materials | Discovered new exit (range 6) 629 | -10/Materials | Reached level 3 782 | -10/Materials | Core integrity fell below 50% 789 | -10/Materials | Upgraded with Propulsion slot (x1) 789 | -10/Materials | Upgraded with Utility slot (x1) 789 | -10/Materials | Upgraded with Weapon slot (x1) 1020 | -10/Materials | Entered Mines 1031 | -10/Mines | Received a Mining Laser from a helpful Derelict 1042 | -10/Mines | Reached level 4 1056 | -10/Mines | Discovered new exit (range 6) 1068 | -10/Mines | Discovered new exit (range 9) 1115 | -10/Mines | Assembled infested the area 1122 | -10/Mines | Build established: Scavenger-Gunner 1135 | -10/Mines | Received a Rocket Launcher from a helpful Derelict 1153 | -10/Mines | Upgraded with Utility slot (x1) 1155 | -10/Mines | Met 8R-AWN 1183 | -10/Mines | Attacked by 8R-AWN 1251 | -10/Mines | Destroyed 8R-AWN 1280 | -10/Mines | Lost 3 parts (1p2n) 1414 | -10/Mines | Discovered new exit (range 5) 1416 | -10/Mines | Entered Exiles 1416 | -10/Exiles | Attacked by the Exiles 1423 | -10/Exiles | Discovered new exit (range 14) 1615 | -10/Exiles | Core integrity fell below 20% 1679 | -10/Exiles | Entered Mines 1703 | -9/Mines | Destroyed by G-47 Trooper with Particle Gun Last Messages --------------- 01441_ as-75751 destroyed. 01444_ as-80311 destroyed. 01450_ as-21092 destroyed. 01450_ Switching to secondary target: as-39534. 01456_ as-60223 destroyed. 01462_ Destroyed Asb. F-torch. 01465_ Acquired 28 matter. 01467_ Acquired 19 matter. 01468_ Acquired 30 matter. 01472_ Used Protomatter to restore core integrity (+54, depleted) 01474_ Acquired 5 matter. 01478_ Destroyed Asb. Hover Unit. 01481_ Machine disabled. 01481_ as-39534 destroyed. 01487_ Used Protomatter to restore core integrity (+51, depleted) 01645_ Acquired 15 matter. 01646_ Acquired 3 matter. 01665_ Rigged Fission Core explodes. LOCATION=UNKNOWN GOAL=ESCAPE Map ----- +----------------------------------------------------+ | ?????????????????????????????????????????????????? | | ?????????????????????????????????????????????????? | | ?????????????????????????????????????????????????? | | ?????????????????????????????????????????????????? | | ?????????????????????????????????????????????????? | | ?????????????????????????????????????????????????? | | ?????????????????????????????????????????????????? | | ?????????????????????????????????????????????????? | | ?????????????????????????????????????????????????? | | ?????????????????????????????????????????????????? | | ?????????????????????????????????????????????????? | | ?????????????????????????????????????????????????? | | ?????????????????????????????????????????????????? | | ?????????????????????????????????????????????????? | | ?????????????????????????????????????????????????? | | ?????????????????????????????????????????????????? | | ?????????????????????????????????????????????????? | | ?????????????????????????????????????????????????? | | ???????????????#####????????????? #??????????????? | | ??????????????## #??????????? #??????????????? | | ??????????????? #????????? #??????????????? | | ????????????????? ##?????? ???????????????? | | ??????????????????? ##### $?????????????????? | | ????????????????????? ???????????????????? | | ??????????????????????? ?????????????????????? | | ????????????????????????#@#??????????????????????? | | ????????????????????????# #??????????????????????? | | ????????????????????????# #??????????????????????? | | ????????????????????????# #??????????????????????? | | ????????????????????????#g###????????????????????? | | ????????????????????????# g #????????????????????? | | ????????????????????????### #????????????????????? | | ??????????????????????????# #????????????????????? | | ??????????????????????????# #????????????????????? | | ??????????????????????????# ######???????????????? | | ??????????????????????????# #???????????????? | | ??????????????????????????###### #???????????????? | | ???????????????????????????????# #???????????????? | | ???????????????????????????????# ####????????????? | | ?????????????????????# ###### ##???????????? | | ????????????????????????# ##??????????? | | ????????????????????????# #??????????? | | ????????????????????????######## #??????????? | | ???????????????????????????????#### ##??????????? | | ???????????????????????????????????###???????????? | | ?????????????????????????????????????????????????? | | | | | | | | | +----------------------------------------------------+ Best States ------------- Heat Dissipation 49 Energy Generation 15 Energy Capacity 250 Matter Stores 300 Matter Capacity 300 Sight Range 16 Terrain Scan Range 16 Terrain Scan Density 10 Armor Coverage 150 Evasion (%) 63 Item Schematics ----------------- None Robot Schematics ------------------ None Fabricated ------------ Nothing Repaired ---------- Nothing Studied --------- None Alien Tech Used ----------------- None Achievements -------------- None Challenges ------------ None RPGLIKE | -11 -10 -10 -10 -9 --------- Run | Yrd Mat Min Exi Min Levels Raised 3 | . 2 1 . . XP Earned 8882 | 3000 3932 1250 200 500 XP Spent 7470 | 2960 3000 1510 . . Upgrades 17 | 10 4 3 . . Propulsion Slot 2 | 1 1 . . . Utility Slot 3 | 1 1 1 . . Weapon Slot 2 | 1 1 . . . Heat Dissipation 4 | 3 . 1 . . Energy Generation 1 | . . 1 . . Mass Support 1 | 1 . . . . Inventory Capacity 1 | 1 . . . . Ranged Accuracy 3 | 2 1 . . . Protomatter Created 465 | . 373 57 35 . Integrity Restored 1227 | . 655 467 105 . Core 1062 | . 490 467 105 . Parts 165 | . 165 . . . Protomatter Decayed 169 | . 131 38 . . Game ------ Seed PoweredSignalStick Manual? 1 Play Time 00:17:24 Cumulative 556.7 hours Start 2026.01.19 @ 16:34:44 End 2026.01.19 @ 16:56:28 Sessions 1 Manual Loads 0 Difficulty Rogue Special Mode Winter2019/RPGLIKE Game No. 212 Rogue 58 Adventurer 154 Explorer 0 Win Type - Total 20 Types 4/4/3/3/2/1/0/1/1/1 Lore% 95 Gallery% 88 Achievement% 61 Wizard Run 0 Options --------- Layout 0 ASCII 0 Keyboard 0 Movement Numpad Keybinds 0 Fullscreen 2 Font 18/SmallcapsGlow Map View 76x50 Zoom Use 0% Tactical HUD 1 Map Filters NONE Filters NONE Steam 1 RUN: e623ff4e-9791-42db-92ce-88050e2b8106